 Dungeon Crawl Stone Soup version 0.29.0-7-g18a832c13a (webtiles) character file.

Game seed: 17663368393706547951

12 Arum the Slasher (level 2, -3/23 HPs)
             Began as a Demonspawn Gladiator on Aug 30, 2022.
             Slain by Sigmund
             ... wielding a +0 scythe
              (10 damage)
             ... on level 2 of the Dungeon.
             The game lasted 00:00:52 (706 turns).

Arum the Slasher (Demonspawn Gladiator)              Turns: 706, Time: 00:00:53

Health: -3/23      AC:  4    Str: 14    XL:     2   Next: 20%
Magic:  2/2        EV: 12    Int:  9    God:
Gold:   14         SH:  0    Dex: 14    Spells: 1/1 levels left

rFire   . . .      SeeInvis .   a - +0 long sword
rCold   . . .      Faith    .   (no shield)
rNeg    . . .      Spirit   .   b - +0 leather armour
rPois   .          Reflect  .   c - +0 helmet
rElec   .          Harm     .   (no cloak)
rCorr   .          Rampage  .   (no gloves)
Will    .....                   (no boots)
Stlth   +.........              (no amulet)
HPRegen 0.07/turn               (no ring)
MPRegen 0.08/turn               (no ring)

@: no status effects
A: demonic guardian 1
a: no special abilities


You were on level 2 of the Dungeon.
You visited 1 branch of the dungeon, and saw 2 of its levels.

You collected 14 gold pieces.

Inventory:

Hand Weapons
 a - a +0 long sword (weapon)
Missiles
 d - 3 throwing nets (quivered)
 e - 7 javelins
Armour
 b - a +0 leather armour (worn)
 c - a +0 helmet (worn)
Jewellery
 i - a ring of ice
Scrolls
 f - a scroll of teleportation {unknown}
Potions
 g - a potion of curing {unknown}
 h - 2 potions of mutation {unknown}
 j - a potion of heal wounds {unknown}


   Skills:
 + Level 2.3 Fighting
 + Level 2.9 Long Blades
 - Level 1.7 Throwing
 + Level 2.9 Dodging


You had one spell level left.
You didn't know any spells.
Your spell library was empty.

Dungeon Overview and Level Annotations

Branches:
Dungeon (1/15)

Altars:

Shops:
D:1 *

Annotations:
D:2 Sigmund


Innate Abilities, Weirdness & Mutations

A weak demonic guardian rushes to your aid.


Message History

The endoplasm closely misses you.
You slash the endoplasm!
You kill the endoplasm!
No target in view!
No target in view!
No target in view!
No target in view!
No target in view!
No target in view!
Found a scale mail.
Sigmund the Dreaded comes into view.
He is wielding a +0 scythe.
Sigmund shouts!
Sigmund is nearby!
Found 5 gold pieces and 4 stones.
Found a scroll labelled LOS TICWAXTY and a metallic inky potion.
Found six items.
Sigmund says, "I'm your fate."
Found a leather armour and 9 gold pieces.
Found a stone staircase leading up.
Sigmund looks at you with fury. Sigmund hits you but does no damage.
You start waiting.
Sigmund is nearby!
Sigmund hits you but does no damage.
Found 14 gold pieces.
Sigmund barely misses you.
You completely miss Sigmund. Sigmund barely misses you.
You slash Sigmund!
Sigmund is moderately wounded.
You closely miss Sigmund.
Sigmund is moderately wounded.
Sigmund mumbles some strange words.
Sigmund flickers and vanishes!
Deactivating autopickup; reactivate with Ctrl-A.
Something hits you!
You barely miss something. You barely miss something. Something hits you!
A demonic guardian appears!
You hit something. Something hits you but does no damage.
You barely miss something.
Your iron imp barely misses something.
Something hits you!
You die...

..[.....#.#.....
#...#.......##.
#.#.#.#........
#.............. ######
#.##.#.#....... .$....
#.#......#..#.#
......####....#.#...##.#
####....#####.....####.#
#.....{@..# ####...# #.#
#.##.5..#.# #...# #..
....[#.##.### #...#....
<.## #......####...#...#
$ # #..###.............
..##.#..# #.............
........###.............
...$......@.####...#...#
#####..###.## #...#....


You could see a friendly iron imp (summoned).

Vanquished Creatures
  A dart slug (D:2)
  An endoplasm (D:2)
  A giant cockroach (D:2)
  A goblin (D:1)
  2 hobgoblins
  A frilled lizard (D:1)
  2 kobolds (D:1)
9 creatures vanquished.

Notes
Turn   | Place    | Note
-------+----------+-------------------------------------------
     0 | D:1      | Arum the Demonspawn Gladiator began the quest for the Orb.
     0 | D:1      | Reached XP level 1. HP: 16/16 MP: 1/1
    71 | D:1      | Found Ygrel's Assorted Antiques.
   407 | D:1      | You fall into a shaft and drop 1 floor!
   417 | D:2      | Gained mutation: A weak demonic guardian rushes to your
                  | aid. [demonic ancestry]
   417 | D:2      | Reached XP level 2. HP: 15/22 MP: 2/2
   678 | D:2      | Noticed Sigmund
   706 | D:2      | Slain by Sigmund

Illustrated notes

Levels and vault maps discovered:
D:1:      dpeg_arrival_three_smaller_balls, layout_basic,
          shapermc_ecumenical_altar_ellora, serial_shops, nicolae_diamond_shop,
          kennysheep_decorative_pillar
D:2:      layout_loops_cross, serial_glass, glass_columns_a, glass_columns_a,
          glass_columns_a, glass_columns_a, glass_columns_a, glass_columns_a,
          glass_columns_a, glass_columns_b, glass_columns_a, glass_columns_a,
          glass_columns_c, glass_columns_c, glass_columns_a, glass_columns_c,
          feat_on_display, feat_on_display, feat_on_display,
          due_unseen_surprise, uniq_crazy_yiuf_cottage, uniq_terence,
          uniq_sigmund

Action                   || total
-------------------------++-------
Melee: Long sword        ||    43
       Punch             ||     1
Armor: Leather armour    ||    13
Dodge: Dodged            ||    27
